 Dungeon Crawl Stone Soup version 0.32-a0-931-g5a2cda0630 (webtiles) character file.

Game seed: 2643614962815870175

28867 Mousus6 the Destroyer (level 13, -6/97 (113) HPs)
             Began as a Pale Draconian Hedge Wizard on Apr 13, 2024.
             Was a High Priest of Vehumet.
             Mangled by a minotaur
             ... wielding a +3 war axe of draining
              (27 damage)
             ... in a Gauntlet.
             The game lasted 00:57:21 (15159 turns).

Mousus6 the Destroyer (DrHW)                       Turns: 15159, Time: 00:57:22

HP:   -6/97 (113)   AC: 12    Str: 19    XL:     13   Next: 12%
MP:   9/35          EV: 11    Int: 27    God:    Vehumet [*****.]
Gold: 719           SH:  0    Dex: 13    Spells: 10/30 levels left

rFire   + . .        b - +3 spear (freeze)
rCold   . . .        o - orb {light}
rNeg    . . .        (body armour unavailable)
rPois   +            B - +0 hat
rElec   .            m - +0 cloak {rPois}
rCorr   .            (no gloves)
SInv    .            U - +2 pair of boots
Will    .....        k - amulet of regeneration
Stlth   +            s - ring of magical power
HPRegen 1.16/turn    R - ring "Ceun" {Str+6 Int+8 Dex+2}
MPRegen 0.24/turn

%: no teleportation
@: on blink cooldown, glowing, heavily drained
A: steam breath, AC +8, unfitting armour, cold-blooded, steam resistance, fire
resistance 1, screaming 1, evolution 1
a: Steam Breath, Renounce Religion


You were in a Gauntlet.
You worshipped Vehumet.
Vehumet was extremely pleased with you.
You visited 3 branches of the dungeon, and saw 14 of its levels.
You also visited: Ossuary and Gauntlet.

You collected 1486 gold pieces.
You spent 767 gold pieces at shops.

Inventory:

Hand Weapons
 a - a +2 flail of venom
 b - a +3 spear of freezing (weapon)
 P - a +0 sling
Missiles
 I - 3 throwing nets
Armour
 m - a +0 cloak of poison resistance (worn)
 o - an orb of light (worn)
 B - a +0 hat (worn)
 O - a +1 cloak
 U - a +2 pair of boots (worn)
Jewellery
 k - an amulet of regeneration (around neck)
 s - a ring of magical power (left hand)
 u - a ring of willpower
 F - a ring of protection from cold
 R - the ring "Ceun" (right hand) {Str+6 Int+8 Dex+2}
   (You found it in a Gauntlet)

   [ring of strength]

   Str+6:     It affects your strength (+6).
   Int+8:     It affects your intelligence (+8).
   Dex+2:     It affects your dexterity (+2).
Wands
 g - a wand of digging (6)
 q - a wand of flame (49)
 w - a wand of roots (2)
 G - a wand of charming (9)
Scrolls
 i - a scroll of immolation {unknown}
 j - 3 scrolls of enchant armour
 n - a scroll of acquirement {unknown}
 p - 2 scrolls of vulnerability
 r - 5 scrolls of teleportation
 x - a scroll of fear {unknown}
 y - 2 scrolls of blinking
 z - 4 scrolls of noise
 A - 2 scrolls of enchant weapon
 D - 2 scrolls of amnesia
 H - a scroll of butterflies
 J - a scroll of poison
 K - a scroll of revelation {unknown}
 S - 3 scrolls of fog
 T - a scroll of identify
Potions
 c - 3 potions of magic
 d - 5 potions of curing
 e - 4 potions of attraction {unknown}
 f - 5 potions of mutation
 h - 2 potions of heal wounds
 l - 3 potions of lignification
 t - 2 potions of might {unknown}
 v - 2 potions of enlightenment {unknown}
 C - a potion of haste {unknown}
 E - 2 potions of invisibility
 L - a potion of resistance {unknown}
 M - 2 potions of brilliance {unknown}
 Q - 2 potions of ambrosia
Miscellaneous
 N - a phantom mirror


   Skills:
 - Level 10.0 Fighting
 - Level 1.7 Dodging
 - Level 1.7 Stealth
 - Level 9.0 Spellcasting
 - Level 12.9 Conjurations
 - Level 1.0 Summonings
 - Level 1.0 Translocations
 - Level 11.9 Fire Magic
 - Level 5.0 Air Magic
 + Level 5.9 Alchemy


You had 10 spell levels left.
You knew the following spells:

 Your Spells              Type           Power      Damage    Failure   Level
a - Foxfire               Conj/Fire      100%       2x1d9     1%          1
b - Blink                 Tloc           34%        N/A       4%          2
c - Call Imp              Summ           34%        N/A       4%          2
d - Mephitic Cloud        Conj/Alch/Air  53%        N/A       1%          3
e - Ignite Poison         Fire/Alch      57%        N/A       1%          4
f - Magic Dart            Conj           100%       1d8       0%          1
g - Static Discharge      Conj/Air       100%       3-8/arc   1%          2
s - Freezing Cloud        Conj/Ice/Air   22%        6-21      3%          5

Your spell library contained the following spells:

 Spells                   Type           Power      Damage    Failure   Level
 Cigotuvi's Dreadful Rot  Necr/Alch/Air  62%        N/A       1%          2
 Sticky Flame             Fire/Alch      57%        2d10      1%          4
 Slow                     Hex            48%        N/A       4%          1
 Ignition                 Fire           33%        3d10      47%         8


Dungeon Overview and Level Annotations

Branches:
Dungeon (11/15)            Temple (1/1) D:6            Lair (0/5) D:8
    Orc (2/2) D:10            Elf (0/3) Orc:2       Ossuary (visited)
Gauntlet (1/1)

Altars:
Ashenzari
Cheibriados
Dithmenos
Elyvilon
Fedhas
Gozag
Hepliaklqana
Kikubaaqudgha
Makhleb
Nemelex Xobeh
Okawaru
Qazlal
Ru
Sif Muna
Trog
Uskayaw
Vehumet
Wu Jian
Xom
Yredelemnul
Zin
The Shining One
Beogh

Shops:
D:1 *   D:3 [   D:11 !   Orc:2 [(:*

Annotations:
D:5 2 transporters, u553311's ghost, novice HuFi
D:6 1 exclusion Gauntlet 8 transporters


Innate Abilities, Weirdness & Mutations

You can breathe blasts of scalding, opaque steam.
Your pale cyan-grey scales are hard. (AC +8)
You cannot fit into any form of body armour.
You are cold-blooded and may be slowed by cold attacks.
You are immune to the effects of steam.
Your flesh is heat resistant. (rF+)
You occasionally shout uncontrollably at your foes.
You have hidden genetic potential.


Message History

You feel much better.
The minotaur is engulfed in blazing flames.
The minotaur hits you with a +3 war axe of draining.
You feel drained.
The minotaur gores you but does no damage.
Casting: Ignite Poison (safe; 1% risk of failure)
Confirm with . or Enter, or press ? or * to list all spells.
The minotaur is struck by an arc of lightning.
The minotaur is heavily wounded.
You are struck by an arc of lightning.
The minotaur is struck by an arc of lightning.
You are struck by an arc of lightning.
The minotaur hits you with a +3 war axe of draining!!
You feel drained. The minotaur gores you.
Unknown command.
You feel much better.
The minotaur is engulfed in blazing flames.
The minotaur barely misses you.
The minotaur gores you but does no damage.
Casting: Static Discharge (safe; 1% risk of failure)
Confirm with . or Enter, or press ? or * to list all spells.
Aiming: Mephitic Cloud (safe; 1% risk of failure)
Press: ? - help, Shift-Dir - straight line, f/p - minotaur
Aim: a minotaur, wielding a +3 war axe of draining, wearing a +3 plate armour of positive energy, wearing a +0 buckler and quivering silver javelins (flame, severely wounded, haloed, chance to affect: 34%)
The ball explodes into a vile cloud!
The stinking cloud engulfs the minotaur.
The minotaur is severely wounded.
The stinking cloud engulfs you.
The minotaur hits you with a +3 war axe of draining!
* * * LOW HITPOINT WARNING * * *
You feel drained.
* * * LOW HITPOINT WARNING * * *
The minotaur gores you.
* * * LOW HITPOINT WARNING * * *
Casting: Mephitic Cloud (safe; 1% risk of failure)
Confirm with . or Enter, or press ? or * to list all spells.
You blink.
The minotaur is engulfed in blazing flames.
The minotaur hits you with a +3 war axe of draining!!
You die...

#########.#########
#.............#
#.###########.# #.
#.# #. #### #.#
#.##⌠.⌠# #.#
#....∩.# #.#
##.#v.⌠# ##.#
#@#####.#..#
#§H§....#.##
#.####.####.#
#...........#
#############


You could see a minotaur.

Vanquished Creatures
  An orc warlord (Orc:2)
  A quicksilver ooze (Gauntlet)
  A catoblepas (Gauntlet)
  Erolcha (D:11)
  Erica (Orc:1)
  A two-headed ogre (D:8)
  6 orc high priests (Orc:2)
  Pikel (D:9)
  2 orc knights (Orc:2)
  2 manticores (D:10)
  2 orc sorcerers
  Maurice (D:7)
  7 kobold blastminers
  A gargoyle (Gauntlet)
  A molten gargoyle (Gauntlet)
  4 trolls (Orc:2)
  2 hornets
  Sigmund (D:6)
  A wyvern (D:10)
  A shadow (D:9)
  18 yaks
  4 wargs
  Menkaure (D:7)
  Edmund (D:6)
  A water moccasin (D:9)
  Duvessa (D:7)
  28 orc warriors
  2 sky beasts (D:7)
  4 black bears
  An ice beast (D:5)
  7 ogres
  A centaur (D:10)
  3 lemures (D:9)
  2 phantoms
  A weeping skull (Ossuary)
  2 kobold brigands
  5 bullfrogs
  5 scorpions
  6 water moccasin zombies (Ossuary)
  2 gnoll sergeants
  10 wights
  Dowan (D:7)
  5 killer bees (D:8)
  A howler monkey (D:6)
  A bombardier beetle (D:4)
  2 spectral scorpions (Ossuary)
  2 hounds
  3 jellies
  10 orc priests
  3 gnoll boudas
  2 hell rats (D:8)
  3 iguanas
  14 orc wizards
  A crocodile zombie (Ossuary)
  3 mummies
  39 gnolls
  6 adders
  2 river rats (D:8)
  A shadow imp (D:7)
  2 white imps
  2 ufetubi (D:7)
  4 adder zombies (Ossuary)
  2 dart slugs
  A ribbon worm (D:3)
  78 orcs
  6 endoplasms
  5 giant cockroaches
  3 goblins
  7 hobgoblins
  4 jackals (D:1)
  A quokka (D:1)
  5 ball pythons
  8 bats
  8 gnoll zombies (Ossuary)
  A hobgoblin zombie (D:6)
  A jackal zombie (Ossuary)
  22 kobolds
  A kobold zombie (D:6)
  2 orc zombies (Ossuary)
  8 rats
413 creatures vanquished.

Vanquished Creatures (collateral kills)
  Saint Roka (Orc:2)
  A water moccasin zombie (Ossuary)
  Crazy Yiuf (D:6)
  An orc wizard (D:7)
  A white imp (D:6)
  2 orcs
  A foxfire (Orc:2)
8 creatures vanquished.

Vanquished Creatures (others)
  An orc sorcerer (Orc:2)
  2 orc warriors (Orc:2)
  1039 foxfires
1042 creatures vanquished.

Grand Total: 1463 creatures vanquished

Notes
Turn   | Place    | Note
-------+----------+-------------------------------------------
     0 | D:1      | Mousus6 the Draconian Hedge Wizard began the quest for the
                  | Orb.
     0 | D:1      | Reached XP level 1. HP: 14/14 MP: 4/4
    57 | D:1      | Found Fostuurphuu's Assorted Antiques.
   246 | D:1      | Reached XP level 2. HP: 22/22 MP: 4/6
   249 | D:1      | Learned a level 2 spell: Blink
   252 | D:1      | Learned a level 2 spell: Call Imp
   581 | D:1      | Reached skill level 1 in Fighting
   695 | D:1      | Reached skill level 2 in Conjurations
   811 | D:1      | Found a faded altar of an unknown god.
   839 | D:1      | Reached XP level 3. HP: 24/28 MP: 0/7
  1194 | D:1      | Bought a golden potion for 18 gold pieces
  1194 | D:1      | Bought a fuming inky potion for 18 gold pieces
  1258 | D:1      | Bought a scroll labelled XEBASERCHIV for 20 gold pieces
  2141 | D:3      | Noticed a scorpion
  2145 | D:3      | Killed a scorpion
  2146 | D:3      | Reached skill level 3 in Conjurations
  2146 | D:3      | Reached XP level 4. HP: 36/36 MP: 7/9
  2212 | D:2      | Learned a level 3 spell: Mephitic Cloud
  2223 | D:3      | Reached XP level 5. HP: 32/42 MP: 1/10
  2527 | D:3      | Found a transporter.
  2528 | D:3      | Found a white marble altar of Elyvilon.
  2530 | D:3      | Found a transporter.
  3279 | D:3      | Found Otovynur's Armour Shop.
  3430 | D:3      | Reached skill level 4 in Conjurations
  3654 | D:4      | Reached XP level 6. HP: 40/51 MP: 12/12
  3953 | D:1      | Bought a tapered copper wand for 80 gold pieces
  4319 | D:4      | Reached skill level 5 in Conjurations
  4666 | D:4      | Your scales start taking on a pale cyan-grey colour.
  4666 | D:4      | Reached XP level 7. HP: 58/58 MP: 13/13
  4666 | D:4      | Gained mutation: You are immune to the effects of steam.
                  | [Pale Draconian growth]
  4881 | D:5      | Entered Level 5 of the Dungeon
  5022 | D:1      | Bought 2 purple potions for 36 gold pieces
  5022 | D:1      | Bought a scroll labelled XERHIU UHASUY for 20 gold pieces
  5174 | D:5      | Found a transporter.
  5174 | D:5      | Noticed u553311's ghost (novice HuFi)
  5175 | D:5      | Identified the +6 giant club "Duygriyph" {freeze, *Noise
                  | Will+ Str+3 Int+3}
  5460 | D:5      | Reached skill level 6 in Conjurations
  5670 | D:5      | Reached skill level 5 in Spellcasting
  5904 | D:5      | Found a transporter.
  5994 | D:6      | Found a staircase to the Ecumenical Temple.
  6002 | Temple   | Entered the Ecumenical Temple
  6007 | Temple   | Became a worshipper of Vehumet
  6081 | D:6      | Reached XP level 8. HP: 67/67 MP: 15/15
  6171 | D:6      | Found a runed translucent door.
  6172 | D:6      | Noticed Crazy Yiuf
  6296 | D:6      | Reached skill level 5 in Fighting
  6423 | D:6      | Found a sand-covered staircase.
  6434 | Ossuary  | Entered an ossuary
  6452 | Ossuary  | Learned a level 4 spell: Ignite Poison
  6470 | Ossuary  | Reached * piety under Vehumet
  6470 | Ossuary  | Offered knowledge of Foxfire by Vehumet.
  6473 | Ossuary  | Learned a level 1 spell: Foxfire
  6481 | Ossuary  | Reached skill level 1 in Fire Magic
  6519 | Ossuary  | Reached skill level 7 in Conjurations
  6976 | D:6      | Offered knowledge of Kiss of Death by Vehumet.
  7329 | D:6      | Noticed Edmund
  7336 | D:6      | Noticed Sigmund
  7341 | D:6      | Killed Edmund
  7342 | D:6      | Reached skill level 8 in Conjurations
  7342 | D:6      | Reached XP level 9. HP: 75/75 MP: 16/17
  7346 | D:6      | Killed Sigmund
  7556 | D:6      | Killed Crazy Yiuf
  7632 | D:7      | Reached skill level 1 in Alchemy
  7633 | D:7      | Reached ** piety under Vehumet
  7697 | D:7      | Found a shimmering altar of Xom.
  7698 | D:7      | Found a shimmering altar of Xom.
  7698 | D:7      | Found a shimmering altar of Xom.
  7698 | D:7      | Found a shimmering altar of Xom.
  7698 | D:7      | Found a shimmering altar of Xom.
  7751 | D:7      | Reached skill level 5 in Fire Magic
  7829 | D:7      | Noticed Maurice
  7842 | D:7      | Killed Maurice
  8144 | D:7      | Noticed Duvessa
  8150 | D:7      | Killed Duvessa
  8171 | D:7      | Noticed Dowan
  8175 | D:7      | Killed Dowan
  8236 | D:7      | Offered knowledge of Static Discharge by Vehumet.
  8237 | D:7      | Reached skill level 9 in Conjurations
  8240 | D:7      | Learned a level 2 spell: Static Discharge
  8249 | D:7      | Noticed Menkaure
  8256 | D:7      | Killed Menkaure
  8778 | D:8      | Reached XP level 10. HP: 82/83 MP: 19/19
  8837 | D:8      | Reached *** piety under Vehumet
  8923 | D:8      | Found an ancient bone altar of Kikubaaqudgha.
  9068 | D:8      | Noticed a two-headed ogre
  9095 | D:8      | Killed a two-headed ogre
  9096 | D:8      | Reached skill level 1 in Air Magic
  9340 | D:8      | Offered knowledge of Hailstorm by Vehumet.
  9598 | D:8      | Reached **** piety under Vehumet
  9749 | D:8      | Found a staircase to the Lair.
  9991 | D:9      | Reached skill level 10 in Conjurations
 10070 | D:9      | Offered knowledge of Dazzling Flash by Vehumet.
 10354 | D:9      | Noticed Pikel
 10364 | D:9      | Killed Pikel
 10365 | D:9      | Reached XP level 11. HP: 90/94 MP: 13/22
 10845 | D:9      | Found a blossoming altar of Fedhas.
 10965 | D:9      | Found a sparkling altar of Nemelex Xobeh.
 11007 | D:10     | Entered Level 10 of the Dungeon
 11165 | D:10     | Reached skill level 11 in Conjurations
 11214 | D:10     | Reached ***** piety under Vehumet
 11214 | D:10     | Offered knowledge of Freezing Cloud by Vehumet.
 11229 | D:10     | Learned a level 5 spell: Freezing Cloud
 11829 | D:10     | Found a roughly hewn altar of Beogh.
 11829 | D:10     | Found a staircase to the Orcish Mines.
 11846 | Orc:1    | Entered Level 1 of the Orcish Mines
 11869 | Orc:1    | Noticed Erica
 11995 | Orc:1    | Killed Erica
 12300 | Orc:2    | Entered Level 2 of the Orcish Mines
 12393 | Orc:2    | Reached skill level 10 in Fire Magic
 12490 | Orc:2    | Noticed an orc warlord
 12490 | Orc:2    | Noticed an orc high priest
 12491 | Orc:2    | Noticed an orc knight
 12495 | Orc:2    | Killed an orc high priest
 12506 | Orc:2    | Killed an orc knight
 12511 | Orc:2    | Killed an orc warlord
 12512 | Orc:2    | Reached XP level 12. HP: 22/104 MP: 0/24
 12525 | Orc:2    | Noticed an orc high priest
 12526 | Orc:2    | Paralysed by an orc sorcerer for 2 turns
 12534 | Orc:2    | Killed an orc high priest
 12594 | Orc:2    | Found Jiom's Antique Armour Boutique.
 12626 | Orc:2    | Bought a pair of glowing boots for 225 gold pieces
 12636 | Orc:2    | Reached skill level 12 in Conjurations
 12769 | Orc:2    | Found Enwyfas's Antique Weapon Shoppe.
 12838 | Orc:2    | Noticed an orc high priest
 12848 | Orc:2    | Killed an orc high priest
 13027 | Orc:2    | Reached skill level 5 in Air Magic
 13097 | Orc:2    | Noticed an orc high priest
 13104 | Orc:2    | Killed an orc high priest
 13270 | Orc:2    | Found a staircase to the Elven Halls.
 13280 | Orc:2    | Noticed an orc high priest
 13286 | Orc:2    | Killed an orc high priest
 13436 | Orc:2    | Noticed Saint Roka
 13469 | Orc:2    | Found Bolaipsa's General Store.
 13481 | Orc:2    | Gained mutation: You occasionally shout uncontrollably at
                  | your foes. [potion of mutation]
 13481 | Orc:2    | Gained mutation: You have hidden genetic potential. [potion
                  | of mutation]
 13481 | Orc:2    | Gained mutation: Your flesh is heat resistant. (rF+)
                  | [potion of mutation]
 13481 | Orc:2    | Killed Saint Roka
 13648 | Orc:2    | Reached skill level 10 in Fighting
 13920 | Orc:2    | Found Laoxion's Book Emporium.
 13923 | Orc:2    | Noticed an orc high priest
 13928 | Orc:2    | Killed an orc high priest
 14664 | D:11     | Found a gate leading to a gauntlet.
 14664 | D:11     | Noticed Erolcha
 14678 | D:11     | Killed Erolcha
 14679 | D:11     | Reached XP level 13. HP: 113/113 MP: 20/26
 14687 | D:11     | Found Maso's Distillery.
 14697 | D:11     | Bought a potion of lignification for 42 gold pieces
 14697 | D:11     | Bought a potion of degeneration for 14 gold pieces
 14697 | D:11     | Bought a potion of heal wounds for 70 gold pieces
 14697 | D:11     | Bought a potion of invisibility for 112 gold pieces
 14697 | D:11     | Bought a potion of ambrosia for 112 gold pieces
 14703 | Gauntlet | Entered a Gauntlet
 14703 | Gauntlet | Found a transporter.
 14703 | Gauntlet | Found a transporter.
 14703 | Gauntlet | Found a transporter.
 14704 | Gauntlet | Found a transporter.
 14707 | Gauntlet | Found a transporter.
 14709 | Gauntlet | Noticed a quicksilver ooze
 14719 | Gauntlet | Found a transporter.
 14721 | Gauntlet | Found a transporter.
 14785 | Gauntlet | Found a transporter.
 14795 | Gauntlet | Found a transporter.
 14810 | Gauntlet | Found a transporter.
 14822 | Gauntlet | Found a transporter.
 14836 | Gauntlet | Found a transporter.
 14923 | Gauntlet | Reached skill level 5 in Alchemy
 15009 | Gauntlet | Killed a quicksilver ooze
 15020 | Gauntlet | Identified the ring "Ceun" {Str+6 Int+8 Dex+2}
 15141 | Gauntlet | Noticed a minotaur
 15159 | Gauntlet | Mangled by a minotaur

Illustrated notes

Levels and vault maps discovered:
D:1:      minmay_arrival_plants_in_alcoves, layout_loops_cross, serial_shops,
          nicolae_shop_dealshenge, serial_aquarium, aquarium_bridge_square
          [aquarium_subvault_wall, aquarium_subvault_wall,
          aquarium_subvault_bridge, aquarium_subvault_bridge],
          aquarium_bridge_square [aquarium_subvault_bridge,
          aquarium_subvault_bridge, aquarium_subvault_balcony,
          aquarium_subvault_balcony], aquarium_window_fake,
          aquarium_window_fake, aquarium_view_2d, aquarium_balcony_double_2,
          aquarium_pool_2, basic_ecumenical_altar, serial_park_tiny_pond
D:2:      layout_loops_cross, roderic_lattice_a
D:3:      layout_loops_ring, elyvilon_altar_4, serial_shops,
          nicolae_shop_hallway_plus, minmay_unequal
D:4:      layout_basic
D:5:      layout_rooms, gammafunk_ghost_smash
D:6:      layout_basic, minmay_temple_entry_statues_pillars,
          nicolae_ossuary_entry_giza, chequers_decorated_corner,
          sigmund_edmund_badplayer, uniq_crazy_yiuf_cottage
D:7:      layout_rooms, xom_shifter_show, dk_noncrumbling_4, uniq_maurice,
          uniq_menkaure, uniq_duvessa
D:8:      layout_basic, mainiacjoe_overflow_alcove_4, dpeg_lair_monsters
D:9:      layout_rooms, lemuel_round_altar, lemuel_doored_altar, uniq_pikel
D:10:     layout_small_grid, david_orc_5, minmay_holes
D:11:     layout_irregular_city, serial_shops, nicolae_shop_tiny_waterfront,
          gauntlet_entry_generic, uniq_grum, uniq_erolcha, uniq_urug
Temple:   sentei_temple_godly_chess
Orc:1:    layout_diamond_mine, uniq_erica
Orc:2:    grunt_orc_gardens, layout_caves, grunt_orc_garden, grunt_orc_garden,
          grunt_orc_garden, grunt_orc_garden, uniq_saint_roka
Gauntlet: gammafunk_gauntlet_shortcut [nicolae_gauntlet_swirl,
          nicolae_gauntlet_arena_blocks, nicolae_gauntlet_arena_t_cross,
          nicolae_gauntlet_arena_flowing_pool, gammafunk_gauntlet_arena_teeth,
          gammafunk_gauntlet_arena_corners, dreamdust_gauntlet_exit_labyrinth]

Skill      XL: |  1  2  3  4  5  6  7  8  9 10 11 12 13 |
---------------+----------------------------------------+-----
Fighting       | 1 2 3 4 5 6 8 9 10 | 10.0
Conjurations   | 2 3 4 5 6 8 9 10 11 12 | 12.9
Spellcasting   | 4 5 6 7 8 9 |  9.0
Fire Magic     | 4 6 8 10 11 | 11.9
Alchemy        | 2 4 5 |  5.9
Air Magic      | 3 4 5 |  5.0
Dodging        | |  1.7
Stealth        | |  1.7
Summonings     | |  1.0
Translocations | |  1.0

Action                     |  1- 3 |  4- 6 |  7- 9 | 10-12 | 13-15 || total
---------------------------+-------+-------+-------+-------+-------++-------
  Melee: Dagger            |    53 |     7 |     5 |       |       ||    65
         Tailslap          |     8 |     2 |    45 |    20 |       ||    75
         Trident           |       |       |   176 |       |       ||   176
         Spear             |       |       |       |    94 |     2 ||    96
   Cast: Magic Dart        |    64 |   215 |    85 |     2 |       ||   366
         Call Imp          |       |     3 |    20 |     5 |       ||    28
         Mephitic Cloud    |       |       |    17 |    46 |     4 ||    67
         Foxfire           |       |       |   230 |   341 |     2 ||   573
         Static Discharge  |       |       |     2 |    30 |     5 ||    37
         Ignite Poison     |       |       |       |    28 |     3 ||    31
         Freezing Cloud    |       |       |       |    67 |     5 ||    72
         Blink             |       |       |       |     1 |     1 ||     2
Ability: Steam Breath      |       |       |     1 |     1 |       ||     2
  Evoke: Wand              |     4 |       |       |    22 |       ||    26
         Phantom mirror    |       |       |       |     1 |       ||     1
    Use: Scroll            |       |       |       |    10 |       ||    10
         Potion            |       |       |       |     3 |     3 ||     6
   Stab: Confused          |       |       |     7 |     2 |       ||     9
 Armour: Skin              |    41 |    63 |   156 |   179 |    37 ||   476
  Dodge: Dodged            |    52 |    41 |   142 |    99 |     4 ||   338

Table legend: (Time is in decaauts)
 A = Elapsed time spent in this place.
 B = Non-inter-level travel time spent in this place.
 C = Inter-level travel time spent in this place.
 D = Time resting spent in this place.
 E = Time spent auto-exploring this place.
 F = Levels seen in this place.
 G = Mean time per level.
                   A        B        C        D        E       F      G
               +--------+--------+--------+--------+--------+-----+--------+
         Total |  15237 |  14255 |    982 |   3148 |   7635 |  16 |  952.3 |
       Dungeon |  11701 |  10872 |    829 |   1772 |   6648 |  11 | 1063.7 |
        Temple |     10 |      6 |      4 |      0 |      0 |   1 |   10.0 |
  Orcish Mines |   2673 |   2524 |    149 |   1089 |    908 |   2 | 1336.5 |
       Ossuary |    398 |    398 |      0 |    149 |      0 |   1 |  398.0 |
      Gauntlet |    454 |    454 |      0 |    138 |     79 |   1 |  454.0 |
               +--------+--------+--------+--------+--------+-----+--------+

Top non-repeatable levels by time:
   Orc:2: 1568 daAuts
     D:8: 1427 daAuts
     D:3: 1394 daAuts
     D:6: 1361 daAuts
     D:1: 1356 daAuts
     D:4: 1298 daAuts
   Orc:1: 1104 daAuts
     D:2: 1075 daAuts
     D:7: 985 daAuts
    D:10: 982 daAuts
     D:9: 929 daAuts
     D:5: 840 daAuts
Gauntlet: 454 daAuts
 Ossuary: 398 daAuts
    D:11: 50 daAuts
